Cogmind - Beta 14 @@@ ROGUE MODE // 2024.08.31 @ 16:55:56 Player: Chaotick Result: Destroyed by as-65654 with Assembled Blade Performance ------------- Evolutions (0) 0 Regions Visited (2) 400 Robots Destroyed (7) 35 Value Destroyed (179) 179 Prototype IDs (0) 0 Alien Tech Used (0) 0 Bonus (0) 0 TOTAL SCORE: 614 Bonus ------- None Cogmind --------- Core Integrity 0/250 Matter 300/300 Energy 98/100 System Corruption 5% Temperature Cool (0) Movement Core (50) Location -10/Mines Parts ------- > --- POWER (1) -------- (None) > --- PROPULSION (2) --- (None) > --- UTILITY (2) ------ (None) > --- WEAPON (2) ------- (None) > --- INVENTORY (5) ---- Ion Engine Aluminum Leg Small Storage Unit Medium Matter Pod (82) Seismic Detector Peak State ------------ > --- POWER ------------ Ion Engine > --- PROPULSION ------- Light Treads Light Treads > --- UTILITY ---------- Small Storage Unit Light Armor Plating > --- WEAPON ----------- Light Assault Rifle Battle Cannon > --- INVENTORY -------- Ion Engine Light Ion Engine Aluminum Leg Aluminum Leg Wheel Compact Wheel Small Laser Small Laser [Rating: 8] Favorites ----------- Power Ion Engine Engine Ion Engine Propulsion Light Treads Treads Light Treads Leg Aluminum Leg Wheel Compact Wheel Utility Small Storage Unit Storage Small Storage Unit Protection Light Armor Plating Weapon Light Assault Rifle Energy Gun Small Laser Ballistic Gun Light Assault Rifle Ballistic Cannon Battle Cannon Build | -11 -10 -10 ------- Run | Yrd Mat Min Slots Evolved . | . . . Power . | . . . Propulsion . | . . . Utility . | . . . Weapon . | . . . Parts Attached 20 | 6 2 12 Power 4 | 1 . 3 Engine 4 | 1 . 3 Core . | . . . Reactor . | . . . Propulsion 7 | 2 . 5 Treads 2 | 2 . . Leg 3 | . . 3 Wheel 2 | . . 2 Hover . | . . . Flight . | . . . Utility 2 | 1 1 . Device . | . . . Storage 1 | 1 . . Processor . | . . . Hackware . | . . . Protection 1 | . 1 . Artifact . | . . . Weapon 7 | 2 1 4 Energy Gun 3 | 1 . 2 Energy Cannon . | . . . Ballistic Gun 3 | 1 1 1 Ballistic Cannon 1 | . . 1 Launcher . | . . . Special Weapon . | . . . Impact Weapon . | . . . Slashing Weapon . | . . . Piercing Weapon . | . . . Special Melee Weapon . | . . . Unidentified Prototypes . | . . . Parts Lost 12 | . . 12 Power 2 | . . 2 Propulsion 5 | . . 5 Utility 1 | . . 1 Weapon 4 | . . 4 Highest Loss Streak 5 | . . 5 To Critical Strikes . | . . . Average Slot Usage (%) 80 | . 90 77 Engine 11 | . 14 10 Treads 18 | . 28 15 Leg 1 | . . 2 Wheel 4 | . . 5 Storage 12 | . 14 12 Protection 7 | . 5 7 Energy Gun 5 | . 14 2 Ballistic Gun 13 | . 14 13 Ballistic Cannon 4 | . . 6 Peak Build Rating 8 | 6 7 8 Average Rating 5 | 4 6 5 On Entrance 4 | . 6 7 Naked Turns 31 | . . 31 Heaviest Build 17 | 12 15 17 Greatest Support 40 | 40 40 40 Greatest Overweight (x) 2 | . . 2 Average Overweight (x) . | . . . Largest Inventory Capacity 8 | 8 8 8 Average Capacity 7 | 6 8 7 Most Carried 8 | 6 8 8 Average Carried 6 | 4 6 6 Final Capacity 8 | 8 8 5 Final Carried 8 | 6 8 5 Class Distribution -------------------- 100% | Mutant Dominant Class ---------------- Mutant | -10/Materials Mutant | -10/Mines Resources | -11 -10 -10 ----------- Run | Yrd Mat Min Matter Collected 493 | 205 87 201 Remotely . | . . . Salvage Created 297 | . 125 172 Parts 11 | . 9 2 Haulers Intercepted . | . . . Recyclers Shooed . | . . . Parts Field Recycled . | . . . Retrieved Matter . | . . . Parts Self-Destructed . | . . . Prevented . | . . . Kills | -11 -10 -10 ------- Run | Yrd Mat Min Combat Hostiles Destroyed 15 | . 5 10 Guns 11 | . 5 6 Cannons 4 | . . 4 Classes Destroyed 3 | . 2 1 Swarmer 3 | . 3 . Grunt 4 | . 2 2 Assembled 8 | . . 8 Best Kill Streak 4 | . 3 4 Combat Bots Only 4 | . 3 4 Max Kills in Single Turn 1 | . 1 1 Gunslinging . | . . . Exploded . | . . . Melee . | . . . Uniques/NPCs Destroyed . | . . . Combat | -11 -10 -10 -------- Run | Yrd Mat Min Hostile Shots Fired 114 | . 19 95 Missed 36 | . 7 29 Damage Taken 1436 | . 113 1323 Core 254 | . 38 216 Absorbed by Shields . | . . . Core Remaining (%) 100 | 100 . . Volleys Fired 67 | . 12 55 Largest 2 | . 2 2 Hottest 60 | . 60 60 Shots Fired 103 | . 24 79 Gun 88 | . 24 64 Cannon 15 | . . 15 Launcher . | . . . Special . | . . . Kinetic 61 | . 12 49 Thermal 42 | . 12 30 Explosive . | . . . Electromagnetic . | . . . Robot Hit Streak 13 | . 11 13 Robot Miss Streak 5 | . 2 5 Penetration Max . | . . . Secondary Targets . | . . . Shots Hit Robots 54 | . 14 40 Core Hits 28 | . 8 20 Critical Kills . | . . . Critical Parts Destroyed . | . . . Critical Strikes 1 | . . 1 Blast 1 | . . 1 Melee Attacks . | . . . Impact . | . . . Slashing . | . . . Piercing . | . . . Sneak Attacks . | . . . Combat Hostiles . | . . . Follow-up Attacks . | . . . Damage Inflicted 575 | . 138 437 Guns 443 | . 138 305 Cannons 132 | . . 132 Explosions . | . . . Melee . | . . . Ramming . | . . . Kinetic 312 | . 40 272 Thermal 263 | . 98 165 Explosive . | . . . Electromagnetic . | . . . Impact . | . . . Slashing . | . . . Piercing . | . . . Highest Corruption 5 | . . 5 Average Corruption 5 | . . 5 Corruption Purged . | . . . Corruption Blocked . | . . . Effects 3 | . . 3 Matter Fused 1 | . . 1 Parts Rejected 1 | . . 1 Data Loss (minor) 1 | . . 1 Overload Shots . | . . . Overflow Damage . | . . . Projectiles . | . . . Explosions . | . . . Melee . | . . . Knockbacks 1 | . . 1 Impact . | . . . Kinetic 1 | . . 1 Secondary . | . . . Self-Inflicted Damage . | . . . Shots . | . . . Rammed . | . . . Targets Rammed . | . . . Kicked . | . . . Crushed . | . . . Highest Temperature 242 | . 127 242 Average Temperature 77 | . 50 89 Received Heat Transfer 232 | . 30 202 Effects 3 | . . 3 Energy Bleed 1 | . . 1 Interference 2 | . . 2 Siege Activations . | . . . Robots Corrupted . | . . . Combat Hostiles . | . . . Parts Fried . | . . . Impact Corruptions . | . . . Robots Melted . | . . . Combat Hostiles . | . . . Parts Melted . | . . . Heat Transferred 600 | . 225 375 Parts Sabotaged . | . . . Parts Stolen . | . . . Parts Stripped . | . . . Power Chain Reactions . | . . . Alert | -11 -10 -10 ------- Run | Yrd Mat Min Peak Influence 125 | . 125 105 Initial 48 | . . 48 Average 59 | . 60 70 Maximum Alert Level . | . . . Low Security (%) 100 | 100 100 100 Level 1 . | . . . Level 2 . | . . . Level 3 . | . . . Level 4 . | . . . Level 5 . | . . . High Security . | . . . Max Security . | . . . Squads Dispatched 1 | . 1 . Investigation 1 | . 1 . Extermination . | . . . Reinforcement . | . . . Assault . | . . . Garrison . | . . . Intercept . | . . . Searches Triggered . | . . . Construction Impeded . | . . . Haulers Reinforced . | . . . Active Scanning Responses . | . . . Cargo Convoy Interrupts . | . . . Stealth | -11 -10 -10 --------- Run | Yrd Mat Min Distress Signals . | . . . Communications Jammed . | . . . Distress Signals . | . . . Times Spotted 26 | . 6 20 Peak Tracking Total 10 | . 3 10 Tactical Retreats 2 | . 1 1 Traps | -11 -10 -10 ------- Run | Yrd Mat Min Traps Triggered . | . . . Indirectly . | . . . Trap Hack Attempts . | . . . Triggered . | . . . Disarmed . | . . . Reprogrammed . | . . . Reused . | . . . Traps Extracted . | . . . Installed . | . . . Triggered . | . . . Machines | -11 -10 -10 ---------- Run | Yrd Mat Min Machines Disabled . | . . . Max in Single Turn . | . . . Machines Repaired . | . . . Machines Dismantled . | . . . Machines Sabotaged . | . . . Overloaded Fab Kills . | . . . Hacking | -11 -10 -10 --------- Run | Yrd Mat Min Machines Accessed 2 | . 2 . Terminals 2 | . 2 . Fabricators . | . . . Repair Stations . | . . . Recycling Units . | . . . Scanalyzers . | . . . Garrison Access . | . . . Total Hacks 6 | . 6 . Successful . | . . . Failed 6 | . 6 . Catastrophic 1 | . 1 . Database Lockouts . | . . . Manual . | . . . Terminals 6 | . 6 . Fabricators . | . . . Repair Stations . | . . . Recycling Units . | . . . Scanalyzers . | . . . Garrison Access . | . . . Terminal Hacks . | . . . Fabricator Hacks . | . . . Repair Station Hacks . | . . . Recycling Unit Hacks . | . . . Scanalyzer . | . . . Garrison Access Hacks . | . . . Unauthorized Hacks . | . . . Terminals . | . . . Fabricators . | . . . Repair Stations . | . . . Recycling Units . | . . . Scanalyzers . | . . . Garrison Access . | . . . Data Cores Recovered . | . . . Used . | . . . Hacking Detections 2 | . 2 . Full Trace Events 1 | . 1 . Feedback Events . | . . . Feedback Blocked . | . . . Robot Schematics Acquired . | . . . Robots Built . | . . . Authchips . | . . . Time . | . . . Total Robot Build Rating . | . . . Part Schematics Acquired . | . . . Parts Built . | . . . Authchips . | . . . Time . | . . . Total Part Build Rating . | . . . Parts Repaired . | . . . Time . | . . . Parts Recycled . | . . . Recycled Matter . | . . . Retrieved Matter . | . . . Retrieved Components . | . . . Parts Scanalyzed . | . . . Part Schematics Acquired . | . . . Parts Damaged . | . . . Bothacking | -11 -10 -10 ------------ Run | Yrd Mat Min Used RIF Installer . | . . . Robots Hacked . | . . . Non-combat . | . . . Combat . | . . . Robot Hacks Applied . | . . . Relay Couplers Released . | . . . Fabnet Peak Effective % . | . . . Robots Rewired . | . . . Allies Hacked . | . . . Hacks Repelled . | . . . Allies | -11 -10 -10 -------- Run | Yrd Mat Min Total Allies . | . . . Largest Group . | . . . Highest-Rated Group . | . . . Highest-Rated Ally . | . . . Total Orders . | . . . Ally Attacks . | . . . Total Damage . | . . . Kills . | . . . Allies Corrupted . | . . . Allies Melted . | . . . Intel | -11 -10 -10 ------- Run | Yrd Mat Min Robot Analysis Total . | . . . Derelict Logs Recovered . | . . . Drone Launches . | . . . Drone Recoveries . | . . . Exploration | -11 -10 -10 ------------- Run | Yrd Mat Min Turns Passed 780 | 99 161 520 Spaces Moved 441 | 55 77 309 Core 97 | 3 . 94 Treads 282 | 52 77 153 Legs 13 | . . 13 Wheels 49 | . . 49 Hover . | . . . Flight . | . . . Fastest Speed 50 | 50 160 50 Average Speed 130 | 154 160 119 Slowest Speed 160 | 160 160 160 Overloaded Moves . | . . . Propulsion Burnouts . | . . . Robots Hopped . | . . . Cave-ins Triggered . | . . . Exploration Rate (%) 24 | 3 20 49 Regions Visited 2 Branch Regions 1 Pre-discovered Areas . | . . . Known Exits Taken . | . . . Unknown Exits Taken 2 | 1 1 . Scrap Searched 1 | . . 1 Spaces Dug . | . . . Terrain Destroyed 4 | . . 4 Melee . | . . . Projectile 4 | . . 4 AOE . | . . . Terrain Rammed . | . . . Walls Destroyed . | . . . Machines Disabled . | . . . Actions | -11 -10 -10 --------- Run | Yrd Mat Min Total 550 | 68 93 389 Wait 4 | . . 4 Move 439 | 54 76 309 Hop . | . . . Pick Up 14 | 7 2 5 Fast Attach 9 | 6 1 2 Attach 8 | . . 8 Detach 1 | . . 1 Swap 3 | . 1 2 Drop 5 | 1 1 3 Fire 67 | . 12 55 Melee . | . . . Ram . | . . . Kick . | . . . Crush . | . . . Escape Stasis . | . . . Rewire . | . . . Trap . | . . . Miscellaneous . | . . . Route ------- -11/Scrapyard -10/Materials -10/Mines History --------- Turn | Location | Event 11 | -11/Scrapyard | Discovered new exit (range 13) 100 | -11/Scrapyard | Entered Materials 195 | -10/Materials | Discovered new exit (range 16) 261 | -10/Materials | Entered Mines 308 | -10/Mines | Build established: Mutant 402 | -10/Mines | A weapon hastily lodged in a ceiling crevice suddenly fell to the ground 518 | -10/Mines | Assembled infested the area 561 | -10/Mines | Core integrity fell below 50% 584 | -10/Mines | Lost 3 parts (2n1u) 710 | -10/Mines | Lost 5 parts (2n3w) 722 | -10/Mines | Core integrity fell below 20% 736 | -10/Mines | Released all parts (2) 766 | -10/Mines | Lost 3 parts (1p1n1w) 781 | -10/Mines | Destroyed by as-65654 with Assembled Blade Last Messages --------------- 00735_ Sml. Laser destroyed. 00736_ Released Sml. Storage Unit. 00736_ Released Aluminum Leg. 00738_ System corrupted: Matter fused (-5). 00738_ Acquired 5 matter. 00765_ System corrupted: Aluminum Leg rejected. 00765_ Acquired 10 matter. 00766_ Extracted 10 matter. 00766_ Acquired Med. Matter Pod. 00770_ Acquired Sml. Storage Unit. 00772_ Acquired Aluminum Leg. 00775_ Acquired 13 matter. 00778_ Searching scrap... 00778_ Found Seismic Detector. 00778_ Found Lgt. Armor Plating. 00778_ Found Med. Battery. 00778_ Found Datajack. 00778_ Found 51 Matter. 00779_ Acquired Seismic Detector. 00781_ Acquired 3 matter. Map ----- +----------------------------------------------------+ | ??????????????????# = ##????????????????????? | | ??????????????????## ##?????????????????????? | | ???????????????????##= ##??????????????????????? | | ????????????????????## #???###?????????????????? | | ?????????????????????## #??# ##????????????????? | | ?????????????????????## ### ##???????????????? | | ????????????????????##! #???????????????? | | ???????????????????##*%= #???????????????? | | ???????????????????# ##???????????????? | | ??????????????????## ##????????????????? | | ?????????????????##%! " ##?????????????????? | | ????????????????## = #??????????????????? | | ??????????????###! [ ##??????????????????? | | ?????????????## %=% ##???????????????????? | | ???????????### ##????????????????????? | | ??????????## %= ##?????????????????????? | | ??????????# * ##??????????#???????????? | | ??????????# #?????????? ???????????? | | ??????????## ### #???????? ??????????? | | ???????#??#! ####!!##?????? % ??????????? | | ???????#=##= ####%#?????# ??????????? | | ?????####!!=# % ## #?#/#???## #??????????? | | ?????#%%!%=% = % # ###a#???# #???????????? | | ?????#%###*% |# # ## #### #???????????## | | ?????#???#=! ### ### a #??????????## | | ?????????#= # # % @ ##??????### | | ?????????#### # # ;# #?????## | | ???????????# # a% ### ## #?????# | | ???????????##### # ##?# ##??# #?????# | | ???????????????## #??# #????# ##???## | | ???????????????# # #???###????# ##### | | ???????????????# # ! #?????????## | | ???????????????## !% #???????### % | | ????????????????# | #??????## ## | | ????????????????## #?????## ##### | | ????????????##??## % ##????## ##??####### | | ????????????# ### ##??#### % #????????# | | ?????????????#"# ###???# #???????? | | ?????????????## ######## ## #??????? | | ????????????## % % % ### ### #?????? | | ??########### ### #######?## ##??# #?????? | | ??# %###?# #????????## ##???? ##?????? | | ??# ######## ##???# #?????????####??????#??????? | | ??# #??????# ##????# #??????????????????????????? | | ??# #??????####?????# #??????????????????????????? | | ??# #???????????????# #??????????????????????????? | | ??# #???????????????? ???????????????????????????? | | ### #???????????????? ???????????????????????????? | | #????????????????#???????????????????????????? | | #####????????????????????????????????????????????? | +----------------------------------------------------+ Best States ------------- Heat Dissipation 25 Energy Generation 10 Energy Capacity 250 Matter Stores 300 Matter Capacity 300 Sight Range 16 Terrain Scan Density 10 Armor Coverage 150 Evasion (%) 55 Recoil Reduction 2 Item Schematics ----------------- None Robot Schematics ------------------ None Fabricated ------------ Nothing Alien Tech Used ----------------- None Achievements -------------- None Challenges ------------ None Game ------ Seed MiningBackupInjector Manual? 0 Play Time 00:08:32 Cumulative 52.2 hours Start 2024.08.31 @ 16:48:56 End 2024.08.31 @ 16:55:56 Sessions 1 Manual Loads 0 Difficulty Rogue Special Mode None Game No. 40 Rogue 40 Adventurer 0 Explorer 0 Win Type - Total 0 Types 0/0/0/0/0/0/0/0/0 Lore% 25 Gallery% 45 Achievement% 31 Wizard Run 0 Options --------- Layout 1 ASCII 0 Keyboard 0 Movement Numpad Keybinds 0 Fullscreen 1 Font 32/SmallcapsGlow Map View 50x35 Zoom Use 0% Tactical HUD 1 Map Filters NONE Filters NONE Steam 1 RUN: 18c8a4b9-8c7d-42ce-98f5-63ea9b423aab